 Dungeon Crawl Stone Soup version 0.31-a0-705-ga145531891 (webtiles) character file.

Game seed: 11697033193241530067

7909 avis the Nimble (level 11, -8/63 HPs)
             Began as a Felid Shapeshifter on Sept 9, 2023.
             Was an Initiate of Gozag.
             Mangled by a cyclops (17 damage)
             ... on level 10 of the Dungeon.
             The game lasted 00:56:27 (9936 turns).

avis the Nimble (Felid Shapeshifter)                Turns: 9936, Time: 00:56:28

Health: -8/63      AC: 10    Str: 17    XL:     11   Next: 3%
Magic:  12/12      EV: 22    Int: 12    God:    Gozag
Gold:   1578       SH:  0    Dex: 18    Spells: 10/10 levels left
                                        Lives:  0   Deaths: 4

rFire   + .          .
                       - Unarmed
rCold   . . .        (shield unavailable)
rNeg    . . .        (body armour unavailable)
rPois   .            (helmet unavailable)
rElec   .            (cloak unavailable)
rCorr   .            (gloves unavailable)
SInv    +            (boots unavailable)
Will    +....        (no amulet)
Stlth   ++           c - +5 ring of evasion
HPRegen 0.30/turn    v - ring of protection from fire
MPRegen 0.13/turn

%: no passive effects
@: snake-form, gold aura
A: constrict, boosted hp, large, (claws 1), (fangs 3), see invisible, (speed 1),
(shaggy fur 2), (stealthy paws), no weapons or thrown items, no armour,
multi-lived
a: Begin Untransformation, Renounce Religion, Potion Petition, Call Merchant,
Bribe Branch


You were on level 10 of the Dungeon.
You worshipped Gozag.
Gozag was most pleased with you.
You were an enormous anaconda.
You visited 2 branches of the dungeon, and saw 10 of its levels.
You also visited: Sewer and Bailey.

You collected 1647 gold pieces.
You paid 69 gold pieces to Gozag.

Inventory:

Jewellery
 c - a +5 ring of evasion (left hand)
 p - a ring of magical power
 v - a ring of protection from fire (right hand)
 w - a ring of positive energy
 F - the amulet "Muwkuits" {RegenMP Str+4}
   (You found it on level 6 of the Dungeon)

   [amulet of magic regeneration]

   RegenMP:   It increases your rate of magic regeneration.
   Str+4:     It affects your strength (+4).
 I - a ring of ice
 J - the amulet of Okawaru's Esteem {Spirit rCorr Int+3}
   (You took it off a tengu conjurer on level 10 of the Dungeon)

   [amulet of guardian spirit]

   Spirit:    It causes incoming damage to be divided between your reserves of
   health and magic.
   Int+3:     It affects your intelligence (+3).
   rCorr:     It protects you from acid and corrosion.
Talismans
 b - a beast talisman
 f - a flux talisman
 m - a maw talisman
 s - a serpent talisman (active)
 K - a maw talisman
Wands
 x - a wand of paralysis (5)
 B - a wand of roots (7)
 E - a wand of polymorph (17)
Scrolls
 e - a scroll of revelation
 i - 7 scrolls of teleportation {unknown}
 j - 2 scrolls of acquirement {unknown}
 l - 4 scrolls of fog
 o - a scroll of enchant weapon {unknown}
 r - 3 scrolls of fear {unknown}
 t - 2 scrolls of vulnerability {unknown}
 u - 2 scrolls of noise {unknown}
 y - 3 scrolls of identify
 A - 2 scrolls of amnesia {unknown}
 G - a scroll of brand weapon {unknown}
 H - a scroll of immolation {unknown}
Potions
 a - 2 potions of might {unknown}
 d - 3 potions of heal wounds {unknown}
 h - a potion of cancellation {unknown}
 k - 2 potions of degeneration {unknown}
 n - 5 potions of curing {unknown}
 q - a potion of mutation {unknown}
 z - 2 potions of invisibility {unknown}
 C - a potion of magic {unknown}
 D - 2 potions of attraction


   Skills:
 - Level 9.0 Fighting
 - Level 12.0 Dodging
 * Level 3.1 Unarmed Combat
 - Level 12.0 Shapeshifting


You had 10 spell levels left.
You didn't know any spells.
Your spell library contained the following spells:

 Spells                   Type           Power      Damage    Failure   Level
 Necrotise                Necr           0%         1d4       32%         1
 Blink                    Tloc           0%         N/A       45%         2
 Cigotuvi's Dreadful Rot  Necr/Pois/Air  0%         N/A       45%         2
 Vampiric Draining        Necr           0%         2d6       69%         3
 Dispel Undead            Necr           0%         3d6       97%         4
 Manifold Assault         Tloc           0%         N/A       97%         4
 Vhi's Electric Charge    Tloc/Air       0%         N/A       97%         4
 Agony                    Necr           0%         N/A       100%        5
 Arcjolt                  Conj/Air       0%         1d10      100%        5
 Death Channel            Necr           0%         N/A       100%        6
 Plasma Beam              Fire/Air       0%         2x1d10    100%        6


Dungeon Overview and Level Annotations

Branches:
Dungeon (10/15)            Temple (1/1) D:4           Sewer (visited)
 Bailey (visited)
   Lair: D:8-11         Orc: D:9-12

Altars:
Ashenzari
Cheibriados
Dithmenos
Elyvilon
Fedhas
Gozag
Hepliaklqana
Kikubaaqudgha
Makhleb
Nemelex Xobeh
Qazlal
Ru
Sif Muna
Trog
Uskayaw
Vehumet
Wu Jian
Xom
Yredelemnul
Zin
The Shining One

Shops:
D:1 *   D:5 **   D:10 *

Annotations:
D:4 passwall protected treasure
D:5 2 transporters, dualclasshuman's ghost, amateur OgCK
D:6 Jeremiah


Innate Abilities, Weirdness & Mutations

You are an enormous anaconda.
You have a powerful constriction melee attack.
Your maximum health is increased.
((You have sharp claws.))
((You have razor-sharp teeth.))
You have supernaturally acute eyesight. (SInv)
((You cover ground quickly. (Speed+)))
((You are covered in thick fur. (AC +2)))
((Your paws help you pounce on unaware monsters.))
You are incapable of wielding weapons or throwing items.
You cannot wear armour.
You gain extra lives every three experience levels.


Message History

The helpless orc knight fails to defend itself.
You hit the orc knight but do no damage.
The orc knight is moderately wounded.
You constrict the orc knight.
The orc knight is no longer paralysed.
The orc knight unwields a +0 arbalest.
The orc knight wields a +0 bardiche.
The orc knight barely misses you.
You lash the orc knight!
The orc knight is heavily wounded.
You constrict the orc knight, but do no damage.
The orc knight hits you with a +0 bardiche!
You hit the orc knight.
The orc knight is severely wounded.
You constrict the orc knight.
The cyclops throws a large rock.
The large rock hits you but does no damage.
The orc knight completely misses you.
You hit the orc knight but do no damage.
The orc knight is severely wounded.
You constrict the orc knight. The orc knight barely misses you.
You lash the orc knight!
The orc knight is almost dead.
You constrict the orc knight. The orc knight misses you.
You hit the orc knight.
The orc knight is almost dead.
You constrict the orc knight.
You kill the orc knight!
Training target 9.0 for Fighting reached!
Your Fighting skill increases to level 9!
You need to enable at least one skill for training.
You have reached level 11!
You hit the cyclops but do no damage. You hit the cyclops.
The cyclops is lightly wounded.
The cyclops hits you!!
* * * LOW HITPOINT WARNING * * *
Okay, then.
You completely miss the cyclops.
The cyclops is lightly wounded.
The cyclops hits you!
You die...
Your body crumbles into a pile of gold.

.##..........###.......#..##.###
....)..................##.##.#
.#####.................##....#
.....................#.#####.####
....#####.##.###.....#.#.........
##...####....###.....#.#.........
.###.........###...(...#.........
#..'##..........C.......#.##.####
....####........S$.........#.#
.......###...................##
...##.#..###............##....##
.....##,*,*###..........##.....##
#...#..*,,*,,#.........#####.....
#..#.##,**,,,#........######.#...
....#.#*,,,*,#..##..### #.###.
...#.#.,,***,#....$..#######.# #.
#..,..,***,*,#..#..yy.....##.# ##


You could see a cyclops.

Vanquished Creatures
  An ogre mage (D:10)
  A boulder beetle (D:10)
  A wizard (D:10)
  An orc knight (D:10)
  Maggie (D:7)
  A gargoyle (Bailey)
  A tengu conjurer (D:10)
  A slime creature (D:10)
  A vampire (Bailey)
  3 wraiths (D:10)
  A yak (D:10)
  2 steam dragons (D:10)
  A water moccasin (D:7)
  3 orc warriors
  2 black bears
  2 sky beasts
  An ice beast (D:7)
  3 ogres
  4 centaurs
  2 phantoms
  2 kobold brigands
  A bullfrog (D:7)
  2 scorpions
  6 killer bees (D:10)
  8 vampire bats (Bailey)
  6 wolf zombies (Bailey)
  2 howler monkeys (D:10)
  4 hounds
  2 jellies (D:4)
  A gnoll bouda (D:5)
  4 orc priests
  A hell rat (Sewer)
  5 iguanas
  9 orc wizards
  7 gnolls
  13 adders
  4 river rats
  3 white imps
  2 ufetubi
  2 worms
  5 dart slugs
  32 orcs
  5 endoplasms
  3 giant cockroaches
  4 hobgoblins (D:1)
  10 kobolds
  2 quokkas
  6 ball pythons
  5 bats
  2 frilled lizards
  9 goblins
  16 orc zombies (Bailey)
  9 rats
225 creatures vanquished.

Vanquished Creatures (others)
  An orc wizard (D:10)
1 creature vanquished.

Grand Total: 226 creatures vanquished

Notes
Turn   | Place    | Note
-------+----------+-------------------------------------------
     0 | D:1      | avis the Felid Shapeshifter began the quest for the Orb.
     0 | D:1      | Reached XP level 1. HP: 9/9 MP: 2/2
   245 | D:1      | Reached XP level 2. HP: 13/13 MP: 3/3
   472 | D:1      | Found Dezxo's General Store.
   886 | D:2      | Found a stormy altar of Qazlal.
   940 | D:2      | Reached XP level 3. HP: 16/16 MP: 4/4
  1406 | D:3      | Reached XP level 4. HP: 10/19 MP: 5/5
  1624 | D:3      | Reached skill level 5 in Shapeshifting
  1722 | D:3      | Found a shimmering altar of Xom.
  1722 | D:3      | Found a basalt altar of Yredelemnul.
  1970 | D:3      | Noticed a black bear
  1977 | D:3      | Killed a black bear
  1978 | D:3      | Reached XP level 5. HP: 13/24 MP: 6/6
  2352 | D:3      | Identified the +0 ring mail of the Wasteland {rC+++ Str+5
                  | Int-4 Stlth+}
  2546 | D:4      | Found a staircase to the Ecumenical Temple.
  2558 | Temple   | Entered the Ecumenical Temple
  2566 | Temple   | Became a worshipper of Gozag Ym Sagoz the Greedy
  2900 | D:4      | Reached skill level 5 in Dodging
  2900 | D:4      | Gained mutation: You are covered in thick fur. (AC +2)
                  | [Felid growth]
  2900 | D:4      | Reached XP level 6. HP: 28/28 MP: 7/7
  3863 | D:5      | Entered Level 5 of the Dungeon
  3885 | D:4      | Reached XP level 7. HP: 11/33 MP: 8/8
  4025 | D:4      | Reached skill level 5 in Fighting
  4391 | D:5      | Found Piadef's Specific Store.
  4391 | D:5      | Found Eskipn's General Store.
  4502 | D:5      | Found a transporter.
  4502 | D:5      | Found a transporter.
  4502 | D:5      | Noticed dualclasshuman's ghost (amateur OgCK)
  4507 | D:5      | Noticed a hornet
  4761 | D:5      | Slain by an ogre
  4875 | D:5      | Reached XP level 8. HP: 33/37 MP: 9/9
  5981 | D:6      | Found a glowing drain.
  5985 | Sewer    | Entered a sewer
  6374 | D:6      | Identified the amulet "Muwkuits" {RegenMP Str+4}
  6688 | D:6      | Reached XP level 9. HP: 41/41 MP: 10/10
  7219 | D:7      | Noticed Jeremiah
  7289 | D:6      | Slain by Jeremiah
  7425 | D:7      | Found a sparkling altar of Nemelex Xobeh.
  7612 | D:7      | Noticed Maggie
  7861 | D:7      | Killed Maggie
  7991 | D:7      | You fall into a shaft and drop 3 floors!
  7991 | D:10     | Entered Level 10 of the Dungeon
  8013 | D:10     | Found Wufepteh's Assorted Antiques.
  8024 | D:10     | Reached skill level 10 in Dodging
  8044 | D:10     | Found a flagged portal.
  8076 | Bailey   | Entered a bailey
  8455 | Bailey   | Noticed a gargoyle
  8463 | Bailey   | Killed a gargoyle
  8796 | Bailey   | Reached XP level 10. HP: 45/48 MP: 11/11
  9018 | Bailey   | Identified the +6 plate armour "Pautyqat" {rF++ rC+}
  9279 | D:10     | Noticed a wizard
  9306 | D:10     | Noticed a centaur warrior
  9306 | D:10     | Shot with an arrow by a centaur warrior
  9379 | D:10     | Slain by a centaur warrior
  9388 | D:10     | Identified the amulet of Okawaru's Esteem {Spirit rCorr
                  | Int+3}
  9407 | D:10     | Reached skill level 10 in Shapeshifting
  9454 | D:10     | Killed a wizard
  9694 | D:10     | Noticed an ogre mage
  9705 | D:10     | Killed an ogre mage
  9715 | D:10     | Noticed a boulder beetle
  9740 | D:10     | Killed a boulder beetle
  9915 | D:10     | Identified the ring "Nagy" {Ice Int+3 Dex+4}
  9915 | D:10     | Noticed an orc knight
  9921 | D:10     | Noticed a cyclops
  9933 | D:10     | Killed an orc knight
  9934 | D:10     | Reached XP level 11. HP: 34/53 MP: 12/12
  9936 | D:10     | Mangled by a cyclops

Illustrated notes

Levels and vault maps discovered:
D:1:      minmay_arrival_hallway, layout_basic, serial_shops,
          nicolae_shop_tiny_glass, chequers_mini_garden, minmay_tetromino_o4
D:2:      layout_basic, basic_altar, minmay_misc_feat_tiny
D:3:      layout_loops_corners, chequers_temple_overflow_statue_of_worship,
          minmay_close_crescents
D:4:      cheibrodos_quashed, layout_basic, minmay_temple_entry_purple_smoke
D:5:      cheibrodos_barr_body, layout_rooms, gammafunk_ghost_hive,
          nicolae_specific_store, hangedman_glass_teeth
D:6:      layout_loops_corners, gup_sewer_entry_spiral
D:7:      hellmonk_ruined_rings, layout_basic,
          mainiacjoe_overflow_surrounded_room, uniq_maggie, uniq_jeremiah
D:9:      minmay_razor_zed, layout_loops_ring, erik_lair_island, serial_shops,
          shop, uniq_erolcha
D:10:     minmay_the_grid_triangle_9x9_rhombus_thin_mashed
          [minmay_the_grid_triangle_9x9_corruption,
          minmay_the_grid_triangle_9x9_prize_top_heavy,
          minmay_the_grid_triangle_9x9_windchime,
          minmay_the_grid_triangle_9x9_pentomino_pain], layout_rooms,
          serial_shops, nicolae_shop_getting_attention, enter_bailey_5
Temple:   dpeg_three_leaves_temple

Skill      XL: |  1  2  3  4  5  6  7  8  9 10 |
---------------+-------------------------------+-----
Fighting       | 2 3 4 5 6 8 9 |  9.0
Dodging        | 3 4 5 6 9 11 12 | 12.0
Shapeshifting  | 4 5 8 9 12 | 12.0
Unarmed Combat | |  3.1

Action                     |  1- 3 |  4- 6 |  7- 9 | 10-12 || total
---------------------------+-------+-------+-------+-------++-------
  Melee: Unarmed           |    66 |   127 |   532 |   227 ||   952
         Bite              |     5 |     7 |    70 |    11 ||    93
         Punch             |     2 |     7 |     8 |       ||    17
         Constrict         |       |       |       |    21 ||    21
  Evoke: Wand              |       |     1 |     3 |     4 ||     8
    Use: Scroll            |       |     4 |     1 |       ||     5
         Potion            |       |       |     3 |     3 ||     6
   Stab: Sleeping          |     2 |     4 |       |       ||     6
         Paralysed         |       |     1 |     7 |     5 ||    13
         Distracted        |       |     1 |       |       ||     1
 Armour: Skin              |    17 |    17 |   115 |    70 ||   219
  Dodge: Dodged            |    53 |    93 |   524 |   316 ||   986
   Form: Flux              |       |       |     1 |       ||     1
         Anaconda          |       |       |       |     1 ||     1

Table legend: (Time is in decaauts)
 A = Elapsed time spent in this place.
 B = Non-inter-level travel time spent in this place.
 C = Inter-level travel time spent in this place.
 D = Time resting spent in this place.
 E = Time spent auto-exploring this place.
 F = Levels seen in this place.
 G = Mean time per level.
                   A        B        C        D        E       F      G
               +--------+--------+--------+--------+--------+-----+--------+
         Total |   8727 |   7966 |    761 |   2226 |   2464 |  12 |  727.2 |
       Dungeon |   7598 |   6837 |    761 |   1696 |   2450 |   9 |  844.2 |
        Temple |     20 |     20 |      0 |      0 |      0 |   1 |   20.0 |
         Sewer |    196 |    196 |      0 |     93 |     10 |   1 |  196.0 |
        Bailey |    912 |    912 |      0 |    437 |      3 |   1 |  912.0 |
               +--------+--------+--------+--------+--------+-----+--------+

Top non-repeatable levels by time:
     D:4: 1682 daAuts
     D:6: 1323 daAuts
     D:3: 1008 daAuts
     D:5: 974 daAuts
  Bailey: 912 daAuts
    D:10: 836 daAuts
     D:1: 652 daAuts
     D:2: 636 daAuts
     D:7: 445 daAuts
   Sewer: 196 daAuts
     D:9: 39 daAuts
  Temple: 20 daAuts
